[Event "Mauricie op"]
[Site "Trois-Rivieres CAN"]
[Date "2009.03.22"]
[Round "4"]
[White "Pepin, Christian"]
[Black "Robichaud, Louis"]
[Result "1-0"]
[ECO "C80"]
[WhiteElo "2091"]
[BlackElo "1957"]
[PlyCount "59"]
[GameId "2160767740617008"]
[EventDate "2009.03.20"]
[EventType "swiss"]
[EventRounds "5"]
[EventCountry "CAN"]
[TimeControl "300"]

1. e4 e5 2. Nf3 Nc6 3. Bb5 a6 4. Ba4 Nf6 5. O-O Nxe4 6. Re1 Nc5 7. Nxe5 Be7 8. Nc3 O-O 9. Bxc6 dxc6 10. d4 Ne6 11. d5 cxd5 12. Nxd5 Bc5 13. Be3 Bxe3 14. Nxe3 f6 15. Nd3 Ng5 16. h4 Nf7 17. Qf3 c6 18. Rad1 Qc7 19. Rd2 Be6 20. Nc5 Rae8 21. Red1 Ne5 22. Qg3 Bc8 23. Rd7 Bxd7 24. Rxd7 Qxd7 25. Nxd7 Nxd7 26. Nf5 Re1+ 27. Kh2 g6 28. h5 Ne5 29. f4 Rf1 30. Ne3 1-0

[Event "Quebec-ch classe"]
[Site "Trois-Rivieres CAN"]
[Date "2009.10.09"]
[Round "1.1"]
[White "Libersan, Thierry"]
[Black "Arnaud, Rainfray"]
[Result "1/2-1/2"]
[ECO "C78"]
[WhiteElo "2084"]
[BlackElo "2391"]
[PlyCount "140"]
[GameId "2160767740616998"]
[EventDate "2009.10.09"]
[EventType "swiss"]
[EventRounds "5"]
[EventCountry "CAN"]
[TimeControl "6000"]

1. e4 e5 2. Nf3 Nc6 3. Bb5 a6 4. Ba4 Nf6 5. O-O b5 6. Bb3 Bc5 7. c3 d6 8. d4 Bb6 9. a4 Rb8 10. axb5 axb5 11. Na3 O-O 12. h3 exd4 13. cxd4 Na5 14. Bc2 b4 15. Nb1 d5 16. e5 Ne4 17. Nbd2 f5 18. exf6 Nxf6 19. Re1 Qd6 20. b3 Nc6 21. Bb2 Qf4 22. Nf1 Ne4 23. Bc1 Qf6 24. Bxe4 dxe4 25. Rxe4 Bf5 26. Rf4 g5 27. Rxf5 Qxf5 28. Ng3 Qd5 29. Be3 h6 30. Qc2 Rf6 31. Ne4 Re6 32. Nc5 Bxc5 33. dxc5 Rd8 34. Rc1 Re4 35. Nd2 Re6 36. Nc4 Qd3 37. Qb2 Nd4 38. Bxd4 Qxd4 39. Qb1 Qd3 40. Qa1 Qxb3 41. Ne3 Qa3 42. Qb1 Rf8 43. Rd1 Qa4 44. Rd4 Ra6 45. Qd3 Qa1+ 46. Kh2 Re6 47. Qc4 Qa6 48. Qb3 Kh8 49. Qb2 Qa3 50. Qb1 Qc3 51. Rd7 Qe5+ 52. Kg1 Re7 53. Rxe7 Qxe7 54. Qxb4 Qf6 55. Ng4 Qg7 56. Qe4 Rf4 57. Qe6 Kh7 58. g3 Rf8 59. Kg2 h5 60. Ne5 Qf6 61. Qd7+ Kh6 62. Qd4 Qe6 63. Qe3 Qd5+ 64. Kh2 Rf5 65. f4 gxf4 66. gxf4 Qa2+ 67. Kg3 Qg8+ 68. Kh2 Qf8 69. Qe4 Qf6 70. Kg3 Qf8 1/2-1/2

[Event "Quebec-ch classe"]
[Site "Trois-Rivieres CAN"]
[Date "2009.10.09"]
[Round "1.2"]
[White "Mai, Lloyd"]
[Black "Lalonde, Paul"]
[Result "1-0"]
[ECO "B80"]
[WhiteElo "2282"]
[BlackElo "2029"]
[PlyCount "49"]
[GameId "2160767740616999"]
[EventDate "2009.10.09"]
[EventType "swiss"]
[EventRounds "5"]
[EventCountry "CAN"]
[TimeControl "6000"]

1. e4 c5 2. Nf3 d6 3. d4 cxd4 4. Nxd4 Nf6 5. Nc3 a6 6. g3 e6 7. Bg2 Be7 8. O-O O-O 9. Be3 Qc7 10. f4 Nc6 11. Nxc6 bxc6 12. g4 d5 13. g5 Nxe4 14. Nxe4 dxe4 15. Bxe4 Bb7 16. Bxh7+ Kxh7 17. Qh5+ Kg8 18. Rf3 Bxg5 19. fxg5 g6 20. Qh6 Qe5 21. Rh3 Rfd8 22. Qh7+ Kf8 23. Rf1 Rd7 24. Rhf3 Qg7 25. Bc5+ 1-0

[Event "Quebec-ch classe"]
[Site "Trois-Rivieres CAN"]
[Date "2009.10.11"]
[Round "4.2"]
[White "Larochelle, Martial"]
[Black "Mai, Lloyd"]
[Result "0-1"]
[ECO "E92"]
[WhiteElo "2155"]
[BlackElo "2282"]
[PlyCount "74"]
[GameId "2160767740617004"]
[EventDate "2009.10.09"]
[EventType "swiss"]
[EventRounds "5"]
[EventCountry "CAN"]
[TimeControl "6000"]

1. d4 Nf6 2. c4 g6 3. Nc3 Bg7 4. e4 d6 5. Nf3 O-O 6. Be2 e5 7. d5 Na6 8. Bg5 h6 9. Bh4 g5 10. Bg3 Nh5 11. h4 Nxg3 12. fxg3 g4 13. Nd2 h5 14. O-O Qe7 15. Bd3 Nc5 16. Bc2 a5 17. Qe2 Bd7 18. Kh2 Bh6 19. Rf2 Bf4 20. Rxf4 exf4 21. gxf4 Qxh4+ 22. Kg1 g3 23. Nf1 Qxf4 24. Qxh5 Kg7 25. Qf3 Qxf3 26. gxf3 f5 27. exf5 Bxf5 28. Bxf5 Rxf5 29. Kg2 Raf8 30. Nd2 Nd3 31. b3 Rg5 32. Ne2 Nf4+ 33. Nxf4 Rxf4 34. Ne4 Rg6 35. Re1 Kf7 36. Rh1 Ke7 37. Rh5 Rxf3 0-1

[Event "Quebec-ch classe"]
[Site "Trois-Rivieres CAN"]
[Date "2009.10.11"]
[Round "4.3"]
[White "Bolduc, Steve"]
[Black "Lalonde, Paul"]
[Result "1-0"]
[ECO "A18"]
[WhiteElo "2238"]
[BlackElo "2029"]
[PlyCount "49"]
[GameId "2160767740617005"]
[EventDate "2009.10.09"]
[EventType "swiss"]
[EventRounds "5"]
[EventCountry "CAN"]
[TimeControl "6000"]

1. c4 Nf6 2. Nc3 e6 3. e4 d5 4. e5 d4 5. exf6 dxc3 6. bxc3 Qxf6 7. Nf3 Bd6 8. d4 h6 9. Bd3 O-O 10. O-O b6 11. Be4 c6 12. Re1 Bb7 13. Ne5 Qe7 14. Bc2 Bxe5 15. Rxe5 Nd7 16. Qd3 Nf6 17. Qg3 Kh8 18. Bg5 hxg5 19. Qh3+ Kg8 20. Rxg5 Rfd8 21. Qh6 Kf8 22. Qh8+ Ng8 23. Rxg7 Ke8 24. Qxg8+ Qf8 25. Qh7 1-0

[Event "Quebec-ch classe"]
[Site "Trois-Rivieres CAN"]
[Date "2009.10.11"]
[Round "5.1"]
[White "Mai, Lloyd"]
[Black "Rainfray, Arnaud"]
[Result "0-1"]
[ECO "B40"]
[WhiteElo "2282"]
[BlackElo "2391"]
[PlyCount "204"]
[GameId "2160767740617006"]
[EventDate "2009.10.09"]
[EventType "swiss"]
[EventRounds "5"]
[EventCountry "CAN"]
[TimeControl "6000"]

1. e4 c5 2. Nf3 Nc6 3. Nc3 e6 4. g3 d5 5. d3 Nf6 6. Bf4 d4 7. Ne2 Be7 8. Bg2 O-O 9. O-O b6 10. Ne1 Bb7 11. Bd2 c4 12. dxc4 Ne5 13. Bf4 Nxc4 14. b3 e5 15. bxc4 exf4 16. e5 Ne4 17. Nxf4 Nc3 18. Qd3 Bxg2 19. Kxg2 Qd7 20. Nf3 Rfd8 21. Rfe1 Qc6 22. Kg1 Rac8 23. Nxd4 Qxc4 24. Qxc4 Rxc4 25. Nf5 Bf8 26. e6 fxe6 27. Nxe6 Rd2 28. Ne3 Ra4 29. Nxf8 Kxf8 30. a3 Nb5 31. Reb1 Nc3 32. Rb4 Rd4 33. Rb3 Ne4 34. Rd1 Rxd1+ 35. Nxd1 Nd2 36. Rd3 Rd4 37. Rxd4 Nf3+ 38. Kf1 Nxd4 39. c3 Nf3 40. h4 b5 41. Ke2 Ne5 42. Nb2 Ke7 43. f4 Nc6 44. Ke3 h5 45. Ke4 Ke6 46. c4 b4 47. axb4 Nxb4 48. Nd3 Nxd3 49. Kxd3 a5 50. Kd4 Kd6 51. f5 a4 52. Kc3 Kc5 53. g4 hxg4 54. f6 gxf6 55. h5 g3 56. h6 g2 57. h7 g1=Q 58. h8=Q Qd4+ 59. Kc2 Qxc4+ 60. Kb1 Qb3+ 61. Ka1 Qc3+ 62. Ka2 Qd4 63. Qc8+ Kb4 64. Qb7+ Kc3 65. Qf3+ Kc2 66. Qc6+ Kd2 67. Qg2+ Ke1 68. Qh1+ Ke2 69. Qh5+ Ke3 70. Qh3+ Kf4 71. Qh2+ Ke4 72. Qe2+ Kd5 73. Qf3+ Kd6 74. Qg3+ Kd5 75. Qf3+ Kc5 76. Qa3+ Kb5 77. Qf8 Qd5+ 78. Ka1 Qe5+ 79. Ka2 f5 80. Qa8 Qe6+ 81. Ka1 Qe1+ 82. Ka2 Qd2+ 83. Ka1 Qd4+ 84. Ka2 f4 85. Qe8+ Kb4 86. Qe1+ Kc4 87. Qc1+ Kd5 88. Qh1+ Qe4 89. Qd1+ Qd4 90. Qh1+ Kc5 91. Qh7 Qd5+ 92. Kb2 f3 93. Qa7+ Kb5 94. Qb8+ Kc4 95. Qc7+ Kd3 96. Qg3 Ke2 97. Qg4 Qb3+ 98. Ka1 Qc3+ 99. Ka2 a3 100. Qe4+ Kd1 101. Qb1+ Qc1 102. Qb5 Qb2+ 0-1